 Dungeon Crawl Stone Soup version 0.25-b1-23-ge2ad7d536c (webtiles) character file.

Game seed: 1808620782704091875, levelgen mode: deterministic

67 grindst0ne the Sneak (level 4, -10/34 HPs)
             Began as a Vampire Assassin on June 3, 2020.
             Killed by divine providence
             ... invoked by an orc priest
              (14 damage)
             ... on level 3 of the Dungeon.
             The game lasted 00:05:25 (1478 turns).

grindst0ne the Sneak (Vampire Assassin)             Turns: 1478, Time: 00:05:26

Health: -10/34     AC:  4    Str: 11    XL:     4   Next: 0%
Magic:  4/4        EV: 13    Int: 13    God:
Gold:   56         SH:  0    Dex: 15    Spells: 3/3 levels left

rFire    . . .     SeeInvis +   a - +2 dagger
rCold    . . .     Gourm    .   (no shield)
rNeg     . . .     Faith    .   b - +0 robe
rPois    .         Spirit   .   (no helmet)
rElec    .         Reflect  .   c - +0 cloak
rCorr    .         Harm     .   h - +0 pair of gloves
MR       .....                  (no boots)
Stlth    +++.......             l - amulet of regeneration
HPRegen  0.71/turn              (no ring)
MPRegen  0.09/turn              (no ring)

@: mighty, brilliant, regenerating quickly
A: no food, fangs 3, see invisible, unbreathing
a: Exsanguinate


You were on level 3 of the Dungeon.
You were alive.

You visited 1 branch of the dungeon, and saw 3 of its levels.

You collected 56 gold pieces.

Inventory:

Hand Weapons
 a - a +2 dagger (weapon)
Missiles
 d - 19 poisoned darts (quivered)
 e - 2 curare-tipped darts
 j - 7 silver javelins
Armour
 b - a +0 robe (worn)
 c - a +0 cloak (worn)
 h - a +0 pair of gloves (worn)
 r - a +0 chain mail
 s - a +0 leather armour
 u - a +0 buckler
Jewellery
 l - an amulet of regeneration (around neck)
Scrolls
 k - 2 scrolls of fear {unknown}
 n - a scroll of enchant weapon {unknown}
 o - a scroll of magic mapping {unknown}
 p - 3 scrolls of identify {unknown}
Potions
 f - a potion of brilliance
 g - a potion of might
 i - a potion of flight {unknown}
 m - a potion of cancellation {unknown}
 q - a potion of lignification {unknown}
 t - 2 potions of degeneration {unknown}


   Skills:
 + Level 2.6 Fighting
 - Level 2.1 Short Blades
 - Level 1.5 Throwing
 + Level 2.5 Dodging
 + Level 6.8 Stealth


You had 3 spell levels left.
You didn't know any spells.
Your spell library was empty.

Dungeon Overview and Level Annotations

Branches:
Dungeon (3/15)

Altars:
Ashenzari
Trog


Innate Abilities, Weirdness & Mutations

You do not eat.
Your natural rate of healing is unusually fast.
You have razor-sharp teeth.
You have supernaturally acute eyesight. (SInv)
You can survive without breathing.


Message History

* * * LOW HITPOINT WARNING * * *
Throwing (i - inventory. (/) - cycle)
d - 20 poisoned darts (quivered)
Press: ? - help, Shift-Dir - straight line, f/p - orc wizard
Aim: an orc wizard, wielding a +0 dagger and wearing a +0 robe (slightly transparent, poisoned)
You throw a poisoned dart.
The poisoned dart barely misses the orc wizard.
The poisoned dart closely misses the orc priest.
The orc wizard closely misses you.
It was a potion of brilliance.
You feel clever all of a sudden. The orc wizard closely misses you.
It was a potion of might.
You feel very mighty all of a sudden.
The orc wizard hits you with a +0 dagger.
* * * LOW HITPOINT WARNING * * *
You hit the orc wizard.
The orc wizard is heavily wounded.
The orc priest calls down the wrath of Beogh upon you.
Beogh smites you!
You die...

#o# # #o# .#
#.# ###.# #.#
#(..# #.# #.#
#o#####.#######
#.o....o.......
#######o#######
#@# #.# #.# #.#
#.# ####.#
##....#
##...).#
####.._.#.##


You could see an orc priest and an orc wizard (invisible, poisoned).

Vanquished Creatures
  Jessica (D:2)
  A worm (D:2)
  A dart slug (D:2)
  2 orcs (D:3)
  4 goblins
  5 hobgoblins
  5 jackals (D:1)
  5 bats
  A frilled lizard (D:1)
  2 kobolds
  7 rats
34 creatures vanquished.

Notes
Turn   | Place    | Note
-------+----------+-------------------------------------------
     0 | D:1      | grindst0ne the Vampire Assassin began the quest for the
                  | Orb.
     0 | D:1      | Reached XP level 1. HP: 16/16 MP: 1/1
   133 | D:1      | Reached skill level 6 in Stealth
   218 | D:1      | Reached XP level 2. HP: 18/22 MP: 2/2
   858 | D:2      | Noticed Jessica
   863 | D:2      | Killed Jessica
   863 | D:2      | Reached XP level 3. HP: 28/28 MP: 3/3
  1199 | D:2      | Found a shattered altar of Ashenzari.
  1382 | D:3      | Found a bloodstained altar of Trog.
  1472 | D:3      | Reached XP level 4. HP: 14/34 MP: 4/4
  1478 | D:3      | Killed from afar by an orc priest

Illustrated notes

Levels and vault maps discovered:
D:1:      elethiomel_arrival_maze, layout_basic, minmay_tromino_v4_b
D:2:      layout_basic, ashenzari_altar_1, first_ration, uniq_jessica
D:3:      layout_loops_ring, bloody_trog

Skill      XL: |  1  2 |
---------------+-------+-----
Stealth        | 6 |  6.8
Fighting       | 2 |  2.6
Dodging        | 2 |  2.5
Short Blades   | |  2.1
Throwing       | |  1.5

Action                   |  1- 3 |  4- 6 || total
-------------------------+-------+-------++-------
Melee: Dagger            |   101 |     1 ||   102
       Bite              |     5 |       ||     5
Throw: Dart              |       |     3 ||     3
  Use: Potion            |       |     2 ||     2
 Stab: Sleeping          |    14 |       ||    14
Armor: Robe              |    30 |       ||    30
Dodge: Dodged            |    62 |     2 ||    64
